[Event "Early-Titled-Tuesday-Blitz-February-13-2024"]
[Site "Chess.com"]
[Date "2024.02.13"]
[Round "1"]
[White "Nikolakis2014"]
[Black "Chessdude1987"]
[Result "1-0"]
[WhiteElo "2712"]
[BlackElo "2380"]
[TimeControl "180+1"]
[EndTime "8:05:33 PST"]
[Termination "Nikolakis2014 won by resignation"]

1. d4 e6 2. c4 f5 3. Nf3 Nf6 4. g3 Bb4+ 5. Bd2 Qe7 6. Bg2 Bxd2+ 7. Nbxd2 d6 8. O-O e5 9. Qb3 c5 10. e3 O-O 11. Qc3 Nc6 12. d5 Nd8 13. b4 b6 14.
a3 Rb8 15. Rab1 Rb7 16. bxc5 bxc5 17. Nb3 f4 18. exf4 exf4 19. Rfe1 Qd7 20. Ng5 Rb6 21. Nd2 h6 22. Ne6 Nxe6 23. dxe6 Qe7 24. Rxb6 axb6 25.
Bd5 Ng4 26. Ne4 Ne5 27. Nxd6 fxg3 28. hxg3 Nf3+ 29. Qxf3 Rxf3 30. Nxc8 Qe8 31. e7+ Kh8 32.
Bxf3 1-0

[Event "Early-Titled-Tuesday-Blitz-February-13-2024"]
[Site "Chess.com"]
[Date "2024.02.13"]
[Round "1"]
[White "Payyappat"]
[Black "HansOnTwitch"]
[Result "0-1"]
[WhiteElo "2550"]
[BlackElo "3170"]
[TimeControl "180+1"]
[EndTime "8:05:34 PST"]
[Termination "HansOnTwitch won by checkmate"]

1. e4 c5 2. Nf3 d6 3. d4 cxd4 4. Nxd4 Nf6 5. Nc3 a6 6. h4 Nc6 7. Be3 Ng4 8. Qd2 Nxe3 9. Qxe3 g6 10. O-O-O Bg7 11. Nxc6 bxc6 12. f4 Qa5 13. e5 dxe5 14.
Qe4 O-O 15. Qxc6 Be6 16. f5 gxf5 17. g4 Rfc8 18. Qg2 fxg4 19. Bd3 Rab8 20. Qe4 f5 21. Qe3 e4 22. Bxe4 fxe4 23. Qxe4 Bf5 24. Qf4 Rxb2 25.
Rd5 Rxc2+ 26. Kd1 Qxc3 27. Qxf5 Qa1# 0-1

[Event "Early-Titled-Tuesday-Blitz-February-13-2024"]
[Site "Chess.com"]
[Date "2024.02.13"]
[Round "1"]
[White "LaPiToB"]
[Black "Agoking701"]
[Result "0-1"]
[WhiteElo "2303"]
[BlackElo "2648"]
[TimeControl "180+1"]
[EndTime "8:05:34 PST"]
[Termination "Agoking701 won by resignation"]

1. d4 Nf6 2. c4 c5 3. d5 e6 4. Nc3 exd5 5. cxd5 d6 6. Nf3 g6 7. Nd2 Bg7 8. e4 O-O 9. Be2 Re8 10. O-O Nbd7 11.
a4 Rb8 12. Qc2 Nh5 13. Nc4 Ne5 14. Nxe5 Bxe5 15. Bxh5 gxh5 16. f4 Bd4+ 17. Kh1 Kh8 18. Bd2 h4 19. Rae1 h3 20. g3 Bg4 21. Ne2 Bg7 22.
Bc3 b5 23. axb5 Rxb5 24. Ng1 Qb6 25. Rf2 Rb3 26. e5 Qb7 27. Qe4 f5 28. exf6 Rxe4 29. fxg7+ Kg8 30. Rxe4 Qxd5 0-1

[Event "Early-Titled-Tuesday-Blitz-February-13-2024"]
[Site "Chess.com"]
[Date "2024.02.13"]
[Round "1"]
[White "mertfelin"]
[Black "Sl4werThanYou"]
[Result "0-1"]
[WhiteElo "2285"]
[BlackElo "2635"]
[TimeControl "180+1"]
[EndTime "8:05:35 PST"]
[Termination "Sl4werThanYou won by checkmate"]

1. e4 g6 2. d4 Bg7 3. Nf3 d6 4. Be3 Nf6 5. Nc3 O-O 6. Qd2 Bg4 7. Be2 Nc6 8. h3 Bxf3 9. Bxf3 Nd7 10. Ne2 e5 11. c3 a5 12. a4 Re8 13. O-O exd4 14. Nxd4 Nf6 15. Qc2 Nd7 16. Nb5 Nde5 17. Be2 Nd7 18.
Rfe1 Rc8 19. Qb3 Rxe4 20. Bf3 Re8 21. Bd5 Rf8 22. Na7 Nxa7 23. Bxa7 c6 24. Bf3 b6 25.
Bg4 Ra8 26. Bxd7 Qxd7 27. Bxb6 Rab8 28. Rad1 Qb7 29. Rxd6 Qxb6 30. Qxb6 Rxb6 31. Re7 Rxb2 32. Rxc6 Ra2 33. Re4 Ra3 34. Rec4 Rd8 35. R6c5 Rd3 36. Rc8+ Bf8 37. R4c5 Rxa4 38. c4 Kg7 39. Rb5 Rc3 40. Rbb8 Bd6 41. Rb6 Rc1# 0-1

[Event "Early-Titled-Tuesday-Blitz-February-13-2024"]
[Site "Chess.com"]
[Date "2024.02.13"]
[Round "1"]
[White "sakkikuska"]
[Black "artooon"]
[Result "0-1"]
[WhiteElo "2536"]
[BlackElo "3033"]
[TimeControl "180+1"]
[EndTime "8:05:38 PST"]
[Termination "artooon won by resignation"]

1. e4 e5 2. Nf3 Nc6 3. Bb5 a6 4. Bxc6 dxc6 5. Nc3 f6 6. d4 exd4 7. Qxd4 Qxd4 8. Nxd4 Bd6 9. Be3 Ne7 10. O-O-O Bd7 11. Nb3 b6 12. f3 c5 13. Nd2 Be6 14. f4 O-O 15. Nf3 Nc6 16. Nd5 Rad8 17. Rhe1 Rfe8 18.
c3 Bxd5 19. exd5 Rxe3 20. Rxe3 Bxf4 21. dxc6 Bxe3+ 22. Kc2 Rxd1 23. Kxd1 Kf7 24. Ke2 Bc1 25. b4 cxb4 26. cxb4 Ke6 27. Kd3 Kd5 28. Nd4 g6 29. a4 Bb2 30. Nc2 Kxc6 31. Kc4 b5+ 32.
axb5+ axb5+ 33. Kd3 Be5 34. Ke4 Bxh2 35. Nd4+ Kb6 36.
g4 Bd6 37. Ne6 Bxb4 0-1

[Event "Early-Titled-Tuesday-Blitz-February-13-2024"]
[Site "Chess.com"]
[Date "2024.02.13"]
[Round "1"]
[White "Teidi96"]
[Black "djano"]
[Result "0-1"]
[WhiteElo "2301"]
[BlackElo "2647"]
[TimeControl "180+1"]
[EndTime "8:05:39 PST"]
[Termination "djano won by resignation"]

1. e4 c5 2. c3 d5 3. exd5 Nf6 4. d4 cxd4 5. cxd4 Nxd5 6. Nf3 Nc6 7. Nc3 e6 8. Bd3 Be7 9. O-O O-O 10. Re1 b6 11. a3 Bb7 12. Bc2 Re8 13. Qd3 g6 14. Ba4 Bf6 15. Ne4 Bg7 16. Bg5 Qc7 17.
Rac1 Rac8 18. Bb3 Qd7 19. Bxd5 Qxd5 20. Nf6+ Bxf6 21. Bxf6 Qf5 22. Qxf5 gxf5 23. Red1 Ne7 24. Bxe7 Rxe7 25. Rxc8+ Bxc8 26. Rc1 Bb7 27. Kf1 Rd7 28.
Ne5 Ba6+ 29. Ke1 Rxd4 30. Rc7 Re4+ 31. Kd2 Rxe5 32. Rxa7 Bf1 33. g3 Re2+ 34. Kc3 Rxf2 35. Rb7 b5 0-1

[Event "Early-Titled-Tuesday-Blitz-February-13-2024"]
[Site "Chess.com"]
[Date "2024.02.13"]
[Round "1"]
[White "Herzog2012"]
[Black "Beca95"]
[Result "1-0"]
[WhiteElo "2529"]
[BlackElo "2928"]
[TimeControl "180+1"]
[EndTime "8:05:40 PST"]
[Termination "Herzog2012 won by resignation"]

1. e4 d6 2. d4 Nf6 3. Nc3 e5 4. Nf3 Nbd7 5. Bc4 Be7 6. O-O h6 7. Re1 c6 8. a4 Qc7 9. h3 g5 10. b3 Nf8 11. Ba3 Ng6 12. Qd2 Nf4 13. Rad1 Rg8 14.
dxe5 dxe5 15. Bxe7 Kxe7 16. Qe3 b6 17. Ne2 g4 18.
Nh4 gxh3 19. g3 Nxe2+ 20. Rxe2 Rg4 21. Qxh6 a6 22. Red2 b5 23. Rd8 Rg8 24. Rxc8 1-0

[Event "Early-Titled-Tuesday-Blitz-February-13-2024"]
[Site "Chess.com"]
[Date "2024.02.13"]
[Round "1"]
[White "egnfanclub"]
[Black "only_strong_moves"]
[Result "0-1"]
[WhiteElo "2343"]
[BlackElo "2668"]
[TimeControl "180+1"]
[EndTime "8:05:40 PST"]
[Termination "only_strong_moves won by resignation"]

1. e4 e5 2. Nf3 Nc6 3. d4 exd4 4. Bc4 Nf6 5. O-O d6 6. c3 dxc3 7. Qb3 Be6 8. Bxe6 fxe6 9. Qxe6+ Qe7 10. Qb3 O-O-O 11.
Nxc3 Nxe4 12. Re1 Nc5 13. Qc4 Qd7 14. Be3 d5 15. Qe2 d4 16. Rad1 d3 17. Qd2 Bd6 18.
Nd4 Nxd4 19. Bxd4 Bxh2+ 20. Kxh2 Qxd4 21. Qg5 Qxf2 22. Ne4 Nxe4 23. Rxe4 Rhf8 24. Re7 Qf4+ 25. Qxf4 Rxf4 26. Rxg7 Rf2 0-1

[Event "Early-Titled-Tuesday-Blitz-February-13-2024"]
[Site "Chess.com"]
[Date "2024.02.13"]
[Round "1"]
[White "FairChess_on_YouTube"]
[Black "GM4life"]
[Result "1-0"]
[WhiteElo "3078"]
[BlackElo "2548"]
[TimeControl "180+1"]
[EndTime "8:05:43 PST"]
[Termination "FairChess_on_YouTube won by checkmate"]

1. d4 Nf6 2. c4 e6 3. Nf3 d5 4. Bg5 Bb4+ 5. Nc3 Nbd7 6. e3 h6 7. Bh4 c5 8. cxd5 exd5 9. Bd3 Qa5 10. O-O c4 11. Bc2 Bxc3 12. bxc3 O-O 13. Qc1 Re8 14.
Nd2 b5 15. a3 Bb7 16. Bf5 Bc6 17. Re1 Ne4 18. Nxe4 dxe4 19. d5 Nc5 20. dxc6 Nd3 21. Qc2 Nxe1 22. Rxe1 Qxa3 23. Bd7 Qc5 24. Ra1 Re5 25.
Bg3 Rd5 26. Qxe4 Qa3 27. Rf1 Rd2 28. c7 Rf8 29. c8=Q Rxc8 30. Bxc8 Qxc3 31. Qe8+ Kh7 32. Bf5+ g6 33. Qxf7+ Qg7 34. Bxg6+ Kh8 35. Qe8+ Qg8 36. Be5# 1-0

[Event "Early-Titled-Tuesday-Blitz-February-13-2024"]
[Site "Chess.com"]
[Date "2024.02.13"]
[Round "1"]
[White "kekic76"]
[Black "CarlosjPineror"]
[Result "0-1"]
[WhiteElo "2374"]
[BlackElo "2706"]
[TimeControl "180+1"]
[EndTime "8:05:43 PST"]
[Termination "CarlosjPineror won on time"]

1. c4 Nf6 2. Nc3 c5 3. Nf3 e6 4.
g3 Nc6 5. Bg2 a6 6. O-O Be7 7.
d3 O-O 8. Bd2 d5 9. cxd5 exd5 10. a3 d4 11. Nb1 Nd5 12. e3 dxe3 13. fxe3 Nf6 14. Qe2 Re8 15. Nc3 Bf8 16. Be1 Bg4 17. Qd2 Qe7 18. Bf2 Rad8 19. Ng5 h6 20. Nge4 Nxe4 21.
Nxe4 Qe6 22. Qc2 b6 23. Rac1 Ne5 24. d4 cxd4 25. exd4 Nf3+ 26. Bxf3 Bxf3 27. Nd2 Bd5 28. Be1 Qh3 29. Nf3 Bd6 30. Qg2 Qg4 31. Bc3 Re3 0-1

[Event "Early-Titled-Tuesday-Blitz-February-13-2024"]
[Site "Chess.com"]
[Date "2024.02.13"]
[Round "1"]
[White "Bauman_Guy"]
[Black "ccccvhhhj"]
[Result "1-0"]
[WhiteElo "2878"]
[BlackElo "2490"]
[TimeControl "180+1"]
[EndTime "8:05:45 PST"]
[Termination "Bauman_Guy won on time"]

1. e4 e6 2. d4 d5 3. Nc3 Bb4 4. e5 c5 5. a3 Bxc3+ 6. bxc3 Ne7 7. Qg4 Kf8 8. a4 Qa5 9. Bd2 Qc7 10. Nf3 b6 11. h4 Ba6 12. Bb5 Bxb5 13. axb5 Nd7 14.
h5 h6 15. Rh3 cxd4 16. cxd4 Qxc2 17. Bb4 Qe4+ 18. Qxe4 dxe4 19. Nd2 Ke8 20. Nxe4 Nf5 21. Rd3 f6 22. g4 Ne7 23. Nd6+ Kf8 24. Rda3 Nd5 25.
Rxa7 Rxa7 26. Rxa7 Nxb4 27. Rxd7 fxe5 28. dxe5 Kg8 29. Ne8 Kf8 30. Nxg7 Nd3+ 31. Rxd3 Kxg7 32. Rd7+ Kf8 33. Rd8+ Kg7 34. Rxh8 1-0

[Event "Early-Titled-Tuesday-Blitz-February-13-2024"]
[Site "Chess.com"]
[Date "2024.02.13"]
[Round "1"]
[White "stollenmonster"]
[Black "JoliyRoger"]
[Result "1-0"]
[WhiteElo "2917"]
[BlackElo "2506"]
[TimeControl "180+1"]
[EndTime "8:05:46 PST"]
[Termination "stollenmonster won on time"]

1. e4 c6 2. d4 d5 3. e5 Bf5 4. Ne2 e6 5. Ng3 Bg6 6. h4 h6 7.
h5 Bh7 8. Bd3 Bxd3 9. cxd3 c5 10. dxc5 Bxc5 11. d4 Bb4+ 12. Nc3 Nc6 13. Qg4 Bf8 14. Be3 Nge7 15. O-O Qd7 16. f4 Nf5 17. Nxf5 exf5 18. Qf3 Rd8 19. Bf2 Be7 20. Qd3 O-O 21.
g4 g6 22. Be3 Kg7 23. Ne2 Nb4 24. Qb1 Qb5 25. Ng3 Bh4 26. Bf2 Bxg3 27. Bxg3 Qd3 28.
Qxd3 Nxd3 29. Bh4 Rc8 30. Bf6+ Kh7 31. Rad1 Nxb2 32. Rb1 Rc2 33. Rf2 Rxf2 34. Kxf2 Nd3+ 35. Ke3 fxg4 36. Kxd3 gxh5 37. f5 Rc8 38. Rxb7 Kg8 39. e6 g3 40. Rxf7 h4 41. Rg7+ Kf8 42. e7+ Ke8 43.
Rg8+ 1-0

[Event "Early-Titled-Tuesday-Blitz-February-13-2024"]
[Site "Chess.com"]
[Date "2024.02.13"]
[Round "1"]
[White "jacky72"]
[Black "AsaHoffmann"]
[Result "1-0"]
[WhiteElo "2770"]
[BlackElo "2428"]
[TimeControl "180+1"]
[EndTime "8:05:48 PST"]
[Termination "jacky72 won by resignation"]

1. Nc3 Nf6 2. e4 d6 3. d4 c6 4.
Nf3 Bg4 5. Be2 e6 6. O-O d5 7.
h3 Bh5 8. exd5 cxd5 9. Ne5 Bxe2 10. Nxe2 Nc6 11. Nd3 Bd6 12. c3 O-O 13. Bg5 h6 14.
Bh4 Be7 15. Re1 Ne4 16. Bxe7 Qxe7 17. Nef4 Qd6 18. Qb3 Na5 19. Qb4 Qxb4 20. Nxb4 Nc4 21.
Re2 a5 22. Nbd3 a4 23. a3 Rfe8 24. f3 Ng3 25. Rf2 g5 26. Ne2 Nf5 27. f4 Ncd6 28.
fxg5 hxg5 29. g4 Nh4 30. Raf1 Rf8 31. Ng3 Ra6 32. Nc5 Rc6 33. Nd7 Rd8 34. Ne5 Rc7 35.
Nh5 Ne4 36. Rxf7 Rxf7 37. Rxf7 Rf8 38. Rg7+ Kh8 39. Nf7+ Rxf7 40. Rxf7 Ng6 41. Rxb7 e5 42. Ra7 exd4 43. cxd4 Nf4 44. Nxf4 gxf4 45. Rxa4 f3 46. Ra7 f2+ 47. Kg2 1-0

[Event "Early-Titled-Tuesday-Blitz-February-13-2024"]
[Site "Chess.com"]
[Date "2024.02.13"]
[Round "1"]
[White "Pertinhez76"]
[Black "albi1999"]
[Result "0-1"]
[WhiteElo "2177"]
[BlackElo "2592"]
[TimeControl "180+1"]
[EndTime "8:05:48 PST"]
[Termination "albi1999 won by resignation"]

1. e4 c5 2. Nf3 a6 3. d4 cxd4 4.
Nxd4 Nf6 5. Nc3 e5 6. Nf5 d5 7. Bg5 d4 8. Nd5 Bxf5 9. Bxf6 gxf6 10. Qf3 Be6 11. Nxf6+ Ke7 12. g4 Bh6 13. h4 Bf4 14. g5 Qa5+ 15. c3 dxc3 16. bxc3 Rc8 17. Rh3 Nd7 18. Nd5+ Bxd5 19. exd5 Kd6 20. Rd1 Nb6 21. Qd3 Na4 22. Qxh7 Rxc3 23. Qh6+ Kc5 24. Rxc3+ Qxc3+ 25. Ke2 Qc2+ 26. Kf3 Qxd1+ 27. Kg2 Qg4+ 28. Kh1 Qf3+ 29. Kg1 Qxd5 30. Qh7 Nc3 31. Qc2 Qd4 32. Qb3 Ne4 33. Qc2+ Kb6 34. Bg2 Qxf2+ 35. Qxf2+ Nxf2 36. Kxf2 Rh8 0-1

[Event "Early-Titled-Tuesday-Blitz-February-13-2024"]
[Site "Chess.com"]
[Date "2024.02.13"]
[Round "1"]
[White "pirulillo"]
[Black "Orest_Vovk"]
[Result "0-1"]
[WhiteElo "2291"]
[BlackElo "2639"]
[TimeControl "180+1"]
[EndTime "8:05:51 PST"]
[Termination "Orest_Vovk won on time"]

1. e4 g5 2. d4 g4 3. Qxg4 d5 4. Qe2 dxe4 5. Qxe4 Nf6 6. Qd3 Nc6 7. Nf3 Bg4 8. c3 Qd5 9. Be2 O-O-O 10. O-O e5 11. Qe3 exd4 12. cxd4 Re8 13. Qf4 Rxe2 14. Nc3 Qe6 15.
Nxe2 Bd6 16. Qg5 Bxf3 17. Nf4 Bxf4 18. Bxf4 Rg8 19. Qxg8+ Nxg8 20. gxf3 Nxd4 21. Bg3 Nxf3+ 22. Kh1 Qe4 0-1

[Event "Early-Titled-Tuesday-Blitz-February-13-2024"]
[Site "Chess.com"]
[Date "2024.02.13"]
[Round "1"]
[White "LeoWin2012"]
[Black "OrtizAnahi2001"]
[Result "0-1"]
[WhiteElo "2224"]
[BlackElo "2604"]
[TimeControl "180+1"]
[EndTime "8:05:51 PST"]
[Termination "OrtizAnahi2001 won by resignation"]

1. e4 e5 2. Nf3 Nc6 3. d4 exd4 4. Nxd4 Nf6 5. Nc3 Bb4 6. Nxc6 bxc6 7. Bd3 d5 8. exd5 cxd5 9. O-O O-O 10. Bg5 c6 11. Qf3 Bd6 12. Bxf6 Qxf6 13. Qxf6 gxf6 14. Ne2 Rb8 15. b3 Re8 16. Nd4 Bd7 17. Nf5 Bf8 18. Rfe1 c5 19. Ne3 Be6 20. c4 d4 21. Nd5 Kg7 22.
Re2 Bg4 23. f3 Rxe2 24. Bxe2 Bf5 25. Rd1 Re8 26. Kf2 Bd6 27. g3 h5 28. Bd3 Bd7 29. a3 a5 30. Be4 Rb8 31. Rd3 f5 32.
b4 fxe4 33. fxe4 axb4 34. axb4 cxb4 35. Kf3 Bc5 36. Rb3 Ba4 37. Rb1 b3 38. Kf4 b2 39.
Ke5 Bc2 40. Rxb2 Rxb2 41. Nf4 0-1

[Event "Early-Titled-Tuesday-Blitz-February-13-2024"]
[Site "Chess.com"]
[Date "2024.02.13"]
[Round "1"]
[White "Anton_Demchenko"]
[Black "colegiodemadrid"]
[Result "1-0"]
[WhiteElo "2931"]
[BlackElo "2510"]
[TimeControl "180+1"]
[EndTime "8:05:56 PST"]
[Termination "Anton_Demchenko won by checkmate"]

1. e4 e5 2. Nf3 Nc6 3. Bc4 Nf6 4. d3 Bc5 5. Bg5 h6 6. Bh4 g5 7. Bg3 d6 8. c3 Qe7 9. Nbd2 a6 10. O-O Be6 11.
b4 Ba7 12. a4 h5 13. h4 Bg4 14. Qc2 Nh7 15. b5 Na5 16. Bd5 Rg8 17. bxa6 c6 18. axb7 Qxb7 19. Ba2 gxh4 20. Bxh4 Qd7 21.
d4 Bxf3 22. Nxf3 Qg4 23. Bg3 h4 24. Nxh4 exd4 25. Nf5 dxc3 26. Qxc3 Ng5 27. Qf6 Bc5 28. Qe7# 1-0

[Event "Early-Titled-Tuesday-Blitz-February-13-2024"]
[Site "Chess.com"]
[Date "2024.02.13"]
[Round "1"]
[White "Alen_Yeremyann"]
[Black "Flaccidmoves"]
[Result "1-0"]
[WhiteElo "2791"]
[BlackElo "2439"]
[TimeControl "180+1"]
[EndTime "8:05:57 PST"]
[Termination "Alen_Yeremyann won by resignation"]

1. e4 g6 2. g3 Bg7 3. Bg2 c5 4. d3 Nc6 5. c3 Nf6 6. Ne2 O-O 7. O-O d5 8. Nf4 d4 9. Nd5 e6 10.
Nxf6+ Bxf6 11. c4 e5 12. f4 exf4 13. gxf4 Bg7 14. Nd2 Bd7 15. Nf3 Qe7 16. Qe1 Rae8 17. a3 a6 18. Bd2 b5 19. b3 Bc8 20. Qg3 Bb7 21. Rae1 Qc7 22. h4 f5 23. h5 gxh5 24. exf5 Ne7 25. Nh4 Kh8 26. Be4 Bf6 27. Kh2 Rg8 28.
Qh3 Rg4 29. Nf3 Reg8 30. Rg1 Bc8 31. Qxh5 Rxf4 32. Rxg8+ Nxg8 33. Bxf4 Qxf4+ 34. Kg2 Bd7 35. Rh1 h6 36. Qh2 Qg4+ 37. Qg3 Qxg3+ 38. Kxg3 Kg7 39. Kf4 Ne7 40. Rg1+ Kf7 41. Ne5+ Bxe5+ 42. Kxe5 Ng8 43. Bd5+ 1-0

[Event "Early-Titled-Tuesday-Blitz-February-13-2024"]
[Site "Chess.com"]
[Date "2024.02.13"]
[Round "1"]
[White "cukin84"]
[Black "profedechess93"]
[Result "0-1"]
[WhiteElo "2233"]
[BlackElo "2606"]
[TimeControl "180+1"]
[EndTime "8:05:57 PST"]
[Termination "profedechess93 won by checkmate"]

1. e4 e6 2. d4 d5 3. exd5 exd5 4. Bd3 Nc6 5. c3 Bd6 6. Ne2 Nge7 7. Bf4 Bf5 8. Qc2 Qd7 9. Nd2 a6 10. O-O O-O-O 11.
b4 g5 12. Bg3 h5 13. a4 Bxg3 14. Nxg3 Bxd3 15. Qxd3 h4 16. Ne2 Qf5 17. Qe3 Rde8 18. b5 Ng6 19. bxc6 Rxe3 20. fxe3 Qd3 21. cxb7+ Kb8 22. Nb3 Qxe2 23. Nc5 h3 24. Rf2 Qxe3 25. Rb1 Ka7 26. Nd7 Nf4 27. b8=Q+ Rxb8 28. Nxb8 Qxc3 29.
Rff1 hxg2 30. Rfd1 Qe3# 0-1

[Event "Early-Titled-Tuesday-Blitz-February-13-2024"]
[Site "Chess.com"]
[Date "2024.02.13"]
[Round "1"]
[White "Alex_Banzea"]
[Black "LuisFSiles"]
[Result "1-0"]
[WhiteElo "2617"]
[BlackElo "2257"]
[TimeControl "180+1"]
[EndTime "8:05:58 PST"]
[Termination "Alex_Banzea won on time"]

1. d4 Nf6 2. Nc3 d5 3. Bf4 c5 4. e3 a6 5. dxc5 Nc6 6. a3 e5 7.
Bg5 Be6 8. b4 Be7 9. Nf3 O-O 10.
Be2 h6 11. Bh4 e4 12. Nd4 Ne5 13. O-O Rc8 14. Na4 Nfd7 15. Bg3 Bf6 16. Rc1 b5 17. Nc3 Nb8 18. a4 bxa4 19. Nxa4 Ned7 20. c3 Be5 21. Bxe5 Nxe5 22. Nb6 Rc7 23. c4 dxc4 24. Nxe6 fxe6 25. Bxc4 Qf6 26. Qd6 Rcf7 27. Qxe6 Qg5 28. Ba2 Kh7 29.
Bb1 Nf3+ 30. Kh1 Nh4 31. Bxe4+ Kh8 32. f4 Qh5 33. g4 Qg5 34. Qxf7 Qd8 35. Rcd1 1-0

[Event "Early-Titled-Tuesday-Blitz-February-13-2024"]
[Site "Chess.com"]
[Date "2024.02.13"]
[Round "1"]
[White "The_Straightforward_Rook"]
[Black "Rurep26"]
[Result "1/2-1/2"]
[WhiteElo "2419"]
[BlackElo "2735"]
[TimeControl "180+1"]
[EndTime "8:06:01 PST"]
[Termination "Game drawn by repetition"]

1. Nf3 d5 2. d4 Nf6 3. e3 Bf5 4.
Bd3 e6 5. O-O Bd6 6. c4 c6 7.
Bxf5 exf5 8. cxd5 cxd5 9. Nc3 O-O 10. Qd3 g6 11. Ne5 Nc6 12. f4 Rc8 13. Qb5 Qb6 14.
a4 Nb4 15. Qxb6 axb6 16. Bd2 Rfd8 17. Nb5 Bf8 18. Rfc1 Ne4 19. Be1 Nc2 20. Rab1 Nxe3 21. Rxc8 Rxc8 22. Nd7 Rc2 23. g3 Rg2+ 24. Kh1 Re2 25.
Nxb6 Nc2 26. Bc3 Nf2+ 27. Kg1 Nh3+ 28. Kh1 Nf2+ 29. Kg1 Nh3+ 30. Kh1 Nf2+ 1/2-1/2

[Event "Early-Titled-Tuesday-Blitz-February-13-2024"]
[Site "Chess.com"]
[Date "2024.02.13"]
[Round "1"]
[White "Alina_Gumerovna"]
[Black "Bilan_Danila"]
[Result "0-1"]
[WhiteElo "2103"]
[BlackElo "2570"]
[TimeControl "180+1"]
[EndTime "8:06:01 PST"]
[Termination "Bilan_Danila won by checkmate"]

1. e4 c6 2. d4 d5 3. exd5 cxd5 4. Bd3 Nc6 5. c3 Qc7 6. h3 g6 7.
Nf3 Bf5 8. O-O Nf6 9. Re1 e6 10.
Be2 h5 11. Bg5 Ne4 12. Bh4 f6 13. Nfd2 Bd6 14. Nxe4 Bxe4 15. Bxf6 O-O 16. Bg5 Bh2+ 17.
Kh1 Bxg2+ 18. Kxg2 Rxf2+ 19. Kh1 Bg1 20. Bf4 Qxf4 21.
Rxg1 Rh2# 0-1

[Event "Early-Titled-Tuesday-Blitz-February-13-2024"]
[Site "Chess.com"]
[Date "2024.02.13"]
[Round "1"]
[White "KuzubovYuriy"]
[Black "Ykow"]
[Result "1-0"]
[WhiteElo "2916"]
[BlackElo "2506"]
[TimeControl "180+1"]
[EndTime "8:06:04 PST"]
[Termination "KuzubovYuriy won by resignation"]

1. d4 d5 2. c4 e6 3. Nf3 Nf6 4. Nc3 c6 5. e3 Nbd7 6. Be2 Bd6 7. b3 O-O 8. Qc2 b6 9. O-O Bb7 10. Bb2 Rc8 11. Rad1 Qe7 12. Rfe1 c5 13. cxd5 exd5 14. Qb1 Rfe8 15. Bb5 a6 16. Bxd7 Qxd7 17. Na4 Qc6 18. dxc5 bxc5 19. Bxf6 gxf6 20. Qf5 Bf8 21. Nc3 Rcd8 22.
Ne2 Bc8 23. Qh5 Re4 24. h3 a5 25. Nc3 Re6 26. Rxd5 Rxd5 27. Nxd5 Bb7 28. Nf4 Rd6 29. Rc1 Qe4 30. Kh2 Rd7 31. Qg4+ 1-0

[Event "Early-Titled-Tuesday-Blitz-February-13-2024"]
[Site "Chess.com"]
[Date "2024.02.13"]
[Round "1"]
[White "kleinebeer98"]
[Black "giomar27"]
[Result "1-0"]
[WhiteElo "2827"]
[BlackElo "2463"]
[TimeControl "180+1"]
[EndTime "8:06:04 PST"]
[Termination "kleinebeer98 won by resignation"]

1. e4 g6 2. d4 Bg7 3. Nc3 d6 4.
Bg5 a6 5. Bc4 h6 6. Be3 b5 7. Bb3 Nd7 8. Nge2 e6 9. h4 Ngf6 10. f3 Bb7 11. Qd2 Qe7 12. O-O-O c5 13. dxc5 dxc5 14. a3 O-O-O 15. Qe1 Ne5 16. Qf2 Nfd7 17.
Rd2 Kb8 18. Rhd1 Bc6 19. Bxc5 Qf6 20. Bd4 Qe7 21. Kb1 Kc7 22. Nc1 f5 23. exf5 exf5 24. N1a2 Nc4 25. Bxc4 bxc4 26. Bxg7 Qxg7 27. Qa7+ Kc8 28.
Qxa6+ Bb7 29. Qxc4+ Kb8 30. Nb4 Ne5 31. Rxd8+ Ka7 32.
Nb5+ 1-0

[Event "Early-Titled-Tuesday-Blitz-February-13-2024"]
[Site "Chess.com"]
[Date "2024.02.13"]
[Round "1"]
[White "Macron20hTF1"]
[Black "cthake"]
[Result "1-0"]
[WhiteElo "2554"]
[BlackElo "1798"]
[TimeControl "180+1"]
[EndTime "8:06:04 PST"]
[Termination "Macron20hTF1 won by resignation"]

1. Nf3 d5 2. e3 c6 3. c4 Nf6 4.
Nc3 Bg4 5. h3 Bh5 6. cxd5 cxd5 7. Qb3 Qd7 8. g4 Bg6 9. Ne5 Qc7 10. d4 Nc6 11. Bb5 e6 12. h4 h5 13. g5 Nd7 14.
Nxg6 fxg6 15. Bd3 O-O-O 16. Bd2 Nb6 17. Bxg6 Nc4 18. Bd3 N6a5 19. Qc2 Nxd2 20. Kxd2 Nc4+ 21. Bxc4 Qxc4 22. Qd3 Qc6 23. Rac1 Kb8 24. Rc2 Qd7 25. Rhc1 Bd6 26. Nb5 Rc8 27. Rxc8+ Rxc8 28. Rxc8+ Kxc8 29. Nxa7+ Kb8 30. Nb5 Bb4+ 31. Kc2 Qc6+ 32. Nc3 Bd6 33. Qg6 Qd7 34. Qxh5 e5 35. Qd1 Qf5+ 36. Kb3 e4 37. Qe2 g6 38. a3 Qh3 39. Nxd5 Qxh4 40. Qc2 Qxg5 41. Qxe4 Qd8 42. f4 g5 43. fxg5 Qxg5 44. Qe6 Bc7 45. Nxc7 Kxc7 46. Qe5+ Qxe5 47. dxe5 Kd7 48.
Kc4 Ke6 49. Kb5 Kxe5 50. Kb6 Ke4 51. Kxb7 Kxe3 52. b4 Kd4 53. b5 Kc4 54. b6 Kb5 55. Kc7 Ka4 56. b7 Kxa3 57. b8=Q Ka4 58. Qb6 1-0

[Event "Early-Titled-Tuesday-Blitz-February-13-2024"]
[Site "Chess.com"]
[Date "2024.02.13"]
[Round "1"]
[White "sharkarton"]
[Black "Oleksandr_Bortnyk"]
[Result "0-1"]
[WhiteElo "2547"]
[BlackElo "3070"]
[TimeControl "180+1"]
[EndTime "8:06:05 PST"]
[Termination "Oleksandr_Bortnyk won by resignation"]

1. e4 Nf6 2. e5 Nd5 3. c4 Nb6 4. d4 d6 5. f4 dxe5 6. fxe5 Bf5 7. Nc3 e6 8. Be3 Bb4 9. Bd3 c5 10. Bxf5 exf5 11. dxc5 Qxd1+ 12. Rxd1 Nxc4 13. Bd4 Nxb2 14. Rb1 Nc6 15. Rxb2 Nxd4 16. Kd2 Nc6 17. Nf3 Bxc5 18. Rxb7 O-O-O+ 0-1

[Event "Early-Titled-Tuesday-Blitz-February-13-2024"]
[Site "Chess.com"]
[Date "2024.02.13"]
[Round "1"]
[White "Mackster23"]
[Black "calin_dragomirescu"]
[Result "1-0"]
[WhiteElo "2684"]
[BlackElo "2348"]
[TimeControl "180+1"]
[EndTime "8:06:05 PST"]
[Termination "Mackster23 won by resignation"]

1. e4 g6 2. d4 Bg7 3. Nc3 d6 4. Be3 a6 5. Qd2 b5 6. O-O-O Bb7 7. f3 Nd7 8. h4 h5 9. Nh3 Rc8 10. Ng5 c5 11. dxc5 Nxc5 12. Bd4 Nf6 13. Qe3 O-O 14.
e5 Nfd7 15. exd6 exd6 16. Bxg7 Kxg7 17. Rxd6 Qc7 18. Qd4+ Kg8 19. b4 Na4 20. Rxd7 Qxc3 21. Qxc3 Nxc3 22. Rxb7 Nxa2+ 23. Kb2 Nxb4 24. Bd3 Nxd3+ 25.
cxd3 Rb8 26. Rxb8 Rxb8 27. Ra1 Rb6 28. Kb3 Rd6 29. Kc3 Kg7 30. Ne4 Rc6+ 31. Kb4 Rc2 32. g3 Rb2+ 33. Kc3 Re2 34. Rxa6 Re3 35. f4 f5 36. Ra7+ Kf8 37. Ng5 Rxg3 38. Kd4 Rg4 39. Ke5 Rxh4 40. Kf6 Ke8 41. Ne6 1-0

[Event "Early-Titled-Tuesday-Blitz-February-13-2024"]
[Site "Chess.com"]
[Date "2024.02.13"]
[Round "1"]
[White "PolandHussars"]
[Black "kereswasbest"]
[Result "1-0"]
[WhiteElo "2605"]
[BlackElo "2234"]
[TimeControl "180+1"]
[EndTime "8:06:05 PST"]
[Termination "PolandHussars won by resignation"]

1. e4 e5 2. Nc3 Nc6 3. g3 Nf6 4.
Bg2 Bc5 5. Nge2 O-O 6. O-O d6 7.
Na4 Bb6 8. Nxb6 axb6 9. h3 Be6 10.
d4 exd4 11. Nxd4 Nxd4 12. Qxd4 Nd7 13. f4 f6 14. Bd2 Qe8 15. a3 Qf7 16. Rae1 Rfe8 17.
Bc3 Nc5 18. g4 Na4 19. e5 Nxc3 20. Qxc3 Bd5 21. Bxd5 Qxd5 22. exf6 Qc5+ 23. Qxc5 bxc5 24. fxg7 Kxg7 25. Kf2 Kf7 26. Rxe8 Kxe8 27. Re1+ Kf7 28. Kf3 Ra4 29. Re4 c4 30. c3 d5 31. Re5 c6 32. Ke3 Ra5 33. Kd2 Ra8 34. f5 Rg8 35.
Ke3 Kf6 36. Kf4 h6 37. h4 Kf7 38. g5 Rh8 39. g6+ Kf6 40. Re6+ Kg7 41. Re7+ 1-0